 Dungeon Crawl Stone Soup version 0.17-a0-1972-g3149b6f (webtiles) character file.

98 SlimeFever the Sneak (level 4, -8/23 HPs)
             Began as a Spriggan Assassin on Oct 4, 2015.
             Killed from afar by Terence (9 damage)
             ... with a wand of flame
             ... on level 2 of the Dungeon.
             The game lasted 00:13:25 (1837 turns).

SlimeFever the Sneak (Spriggan Assassin)            Turns: 1837, Time: 00:13:25

Health: -8/23      AC:  3    Str:  7    XL:     4   Next: 43%
Magic:  5/5        EV: 18    Int: 12    God:
Gold:   91         SH:  0    Dex: 18    Spells: 0 memorised, 3 levels left

rFire  . . .     SeeInvis +     a - +4 dagger
rCold  + . .     Clarity  .     c - +0 robe
rNeg   . . .     SustAt   .     (shield restricted)
rPois  .         Gourm    .     (helmet restricted)
rElec  .         Spirit   .     d - +0 cloak
rCorr  .         Warding  .     (gloves unavailable)
rMut   .         Stasis   .     (boots unavailable)
MR     .....                    (no amulet)
Stlth  ++++......               (no ring)
                                u - ring of protection from cold

@: very quick, not resistant to hostile enchantments, stealthy
A: unfitting armour, see invisible, herbivore 3, speed 3, slow metabolism 2
a: no special abilities


You were on level 2 of the Dungeon.
You were not hungry.

You visited 1 branch of the dungeon, and saw 2 of its levels.

You collected 91 gold pieces.

Inventory:

Hand Weapons
 a - a +4 dagger (weapon)
 b - a +0 blowgun
 n - a +1 vampiric long sword
 q - a +0 short sword
 t - a +2 dagger
Missiles
 e - 11 poisoned needles
 f - a curare-tipped needle
 h - 22 sling bullets
Armour
 c - a +0 robe (worn)
 d - a +0 cloak (worn)
Jewellery
 u - a ring of protection from cold (left hand)
Scrolls
 i - a scroll of identify
Potions
 j - 2 potions of curing {unknown}
 k - a potion of might {unknown}
 m - a potion of agility {unknown}
 o - a potion of magic {unknown}
 v - a potion of ambrosia {unknown}
Comestibles
 g - a bread ration
 l - a slice of pizza
 p - 2 beef jerkies


   Skills:
 + Level 1.7 Fighting
 + Level 2.5 Short Blades
 + Level 2.9 Throwing
 + Level 2.8 Dodging
 + Level 7.7 Stealth


You had 3 spell levels left.
You didn't know any spells.

Dungeon Overview and Level Annotations

Branches:
Dungeon (2/15)

Altars:

Annotations:
D:2 Terence


Innate Abilities, Weirdness & Mutations

You are tiny and cannot use many weapons and most armour.
You have supernaturally acute eyesight.
You are a herbivore.
You cover ground extremely quickly.
You need consume almost no food.


Message History

Firing (i - inventory. (,) - cycle):
e - 12 poisoned needles (quivered)
Press: ? - help, Shift-Dir - straight line, f - Terence
Aim: Terence, wielding a mace of holy wrath, wearing a ring mail and carrying a wand of flame {zapped: 1} You shoot a poisoned needle.
The poisoned needle hits Terence.
Terence is poisoned.
Quiver which item? (- for none, * to show all) (? for menu, Esc to quit)
Quivering
f - 2 curare-tipped needles for blowguns.
Firing (i - inventory. (,) - cycle):
f - 2 curare-tipped needles (quivered)
Press: ? - help, Shift-Dir - straight line, f/p - Terence
Aim: Terence, wielding a mace of holy wrath, wearing a ring mail and carrying a wand of flame {zapped: 1} (poisoned)
You shoot a curare-tipped needle. The curare-tipped needle hits Terence.
Terence looks even sicker.
Terence convulses.
Terence seems to slow down.
Terence is moderately wounded.
Terence zaps a wand.
The puff of flame hits you!
a - a +4 dagger (weapon)
Terence zaps a wand.
The puff of flame hits you!
Ouch! That really hurt!
* * * LOW HITPOINT WARNING * * *
Terence zaps a wand.
The puff of flame hits you!
You die...

#..# # #..# # #..#
# # #.(# .# #
#.@######?#
#.........#
#.......# ########
#.......###+##
......##
#.######@....#
#...... #. #.....#
#...... .. #.....#
#...... ### #.....#
#>..... ####'##
####'#' #####'###
#.#.
#..[....########.#.
#.....†.').......#.
#.......##########.


You could see Terence.

Vanquished Creatures
  Ijyb (D:2)
  2 adders
  An ooze (D:2)
  A ball python (D:1)
  A giant cockroach (D:2)
  4 goblins
  8 hobgoblins
  3 jackals (D:1)
  11 bats
  2 giant geckos
  3 giant newts (D:1)
  6 kobolds
  5 rats (D:1)
48 creatures vanquished.

Notes
Turn   | Place    | Note
--------------------------------------------------------------
     0 | D:1      | SlimeFever the Spriggan Assassin began the quest for the Orb.
     0 | D:1      | Reached XP level 1. HP: 10/10 MP: 2/2
    74 | D:1      | Reached skill level 6 in Stealth
   389 | D:1      | Reached XP level 2. HP: 9/15 MP: 3/3
   699 | D:1      | Reached XP level 3. HP: 14/18 MP: 4/4
   951 | D:1      | Reached skill level 7 in Stealth
  1285 | D:2      | Noticed Ijyb
  1308 | D:2      | Killed Ijyb
  1308 | D:2      | Reached XP level 4. HP: 10/23 MP: 5/5
  1825 | D:2      | Noticed Terence
  1835 | D:2      | HP: 1/23 [Terence/wand of flame (14)]
  1837 | D:2      | Killed from afar by Terence

Vault maps used:
D:1:      scummos_arrival_star, serial_glass, glass_columns_b, glass_columns_a
D:2:      kennysheep_small_spiral, uniq_iyjb, uniq_robin, uniq_terence,
          uniq_natasha

Action                   |  1- 3 |  4- 6 || total
-------------------------+-------+-------++-------
Melee: Dagger            |   116 |    25 ||   141
 Fire: Blowgun           |    23 |     2 ||    25
  Use: Scroll            |     6 |       ||     6
 Stab: Sleeping          |    16 |     3 ||    19
